Softy, chaotic female orcish Wizard ---------------- --------- |...............#### |........####----- #...............| # |.......| #|...| #|...<..........| ##-.......| #|...| #---------.------ --------- ##-=..| # # ##|...| # ### ##|@a..# ### # ###@..| # ### ##----- ------### # ######### |.....# ###### # |....| -|-##----- # |...(| |........| # |.....### |......>.| # ------ # |........| # ##-........| # ---------- # # Softy the Conjurer Experience level: 5 Strength: 10 Dexterity: 17 Constitution: 15 Intelligence: 16 Wisdom: 9 Charisma: 10 Health: 0(34) Energy: 35(35) AC: 9 Gold: 308 Moves: 1836 Your Inventory: Coins $ - 308 gold pieces Weapons a - a blessed +1 quarterstaff (weapon in hands) q - 16 [uncursed +0] darts Armor b - an uncursed +0 cloak of magic resistance (being worn) Comestibles A - 2 [uncursed] Hyper Futa Mare Dicks Scrolls i - a blessed scroll of remove curse j - 2 uncursed scrolls of identify u - an [uncursed] scroll labeled JUYED AWK YACC [of scare monster] w - an [uncursed] scroll labeled VERR YED HORRE [of charging] z - an [uncursed] scroll labeled ZELGO MER [of teleportation] C - an [uncursed] scroll labeled ASHPD [of enchant weapon] Spellbooks k - a blessed spellbook of force bolt l - an uncursed spellbook of haste self Potions f - 2 uncursed potions of gain ability g - an uncursed potion of oil h - an uncursed potion of object detection B - an [uncursed] gooey potion [of paralysis] Rings d - an uncursed +1 ring of increase damage (on right hand) e - an uncursed ring of slow digestion o - an [uncursed] topaz ring [of searching] (on left hand) Wands c - an uncursed wand of magic missile (0:5) n - a [blessed] octagonal wand [of undead turning (0:4)] t - an [uncursed] ebony wand [of cancellation (0:6)] Tools v - an [uncursed] brass lantern (lit) x - an [uncursed] bell y - an [uncursed] leash Spells known in the end: Name Level Category Fail Memory a - force bolt 1 attack 0% [||||||||] b - haste self 3 escape 99% [||||||||] Your skills at the end: Fighting Skills Weapon Skills quarterstaff [Basic / Expert] Spellcasting Skills attack spells [Basic / Expert] enchantment spells [Basic / Skilled] Final Attributes: You were devoutly aligned. Hunger level was 726. Your alignment was 19 / 19. Monster difficulty range was 0 - 5. Level difficulty was 5. You were immune to poison. You were magic-protected. You were hallucinating. You were stunned. You had automatic searching. You had infravision. You had a +1 damage bonus. Your luck was zero. You are dead. Vanquished creatures: 3 shriekers a little dog a kitten a hill orc 3 giant bats an acid blob a coyote a gas spore a hobbit a large kobold a red mold a gecko 3 jackals a fox a goblin 2 grid bugs 3 lichens a kobold zombie and a partridge in a pear tree 27 creatures vanquished. Voluntary challenges: You were illiterate. You used a wielded weapon 21 times. You put on armor 1 time. You never genocided any monsters. You never polymorphed an object. You never changed form. You used no wishes. You never wrote Elbereth's name. You encountered 1 bones level. You never used any Sokoban shortcuts. Dungeon overview: The Dungeons of Doom: levels 1 to 5 Level 1 a fountain a long staircase Level 2 an altar to Anhur, some fountains Level 3 a fountain a long staircase Level 4 a general store Level 5 <- You were here History has recorded: On T:1 you entered the Dungeons of Doom to retrieve the Amulet of Yendor! On T:175 you reached level 2 of The Dungeons of Doom. On T:389 you advanced to experience level 2. On T:561 you advanced to experience level 3. On T:800 you advanced to experience level 4. On T:882 you reached level 3 of The Dungeons of Doom. On T:1202 you reached level 4 of The Dungeons of Doom. On T:1306 you advanced to experience level 5. On T:1576 you reached level 5 of The Dungeons of Doom. Latest messages: [HP-3=21] [HP+1=22] The quylthulg hits! [HP-1=21] The frizzed centaur hits! [HP-5=16] You see here a chest. You hit the Luggage. [HP+1=17] You kill the chameleon! The flush golemmartyr orc bites! The brogmoid bites! The Terminator bites! [HP-8=9] You miss the lounge worm. The winter wolf bites! The dog bites! [HP-5=4] You miss the fire vortex. The gnome dummy bites! The fallacy golem bites! You die... Final status: Goodbye Softy the Wizard... You died in The Dungeons of Doom on dungeon level 5 with 1202 points, and 308 pieces of gold, after 1836 moves. You were level 5 with a maximum of 34 hit points when you died.